Map: Ruby Rock LE

Players

Reynor - Winner!

  • Race: Zerg Zerg

Clem

  • Race: Terran Terran

VOD

Have the link to the VOD?

Description

Time

  • Played on: Jan. 17, 2026, 11:26 p.m.
  • Length: 12:49
Show
View Real Time Build Order
Export as new Build Order

Reynor Zerg - Winner!

Build Orders: Hatch First 

Get SALT Encoding   

  12  0:00  Drone  
  13  0:08  Drone  
  14  0:14  Extractor  
  14  0:15  Drone  
  15  0:22  Overlord  
  15  0:40  Drone  
  16  0:44  Hatchery  
  16  0:49  Drone  
  16  0:52  Drone  
  16  0:56  Drone  
  18  1:07  Extractor  
  17  1:12  Spawning Pool  
  17  1:14  Drone  
  17  1:17  Drone  
  18  1:26  Drone  
  19  1:37  Drone  
  20  1:47  Drone  
  21  1:58  Queen x2  
  21  1:59  Zergling x4  
  27  2:12  Hatchery  
  26  2:17  Overlord  
  26  2:21  Drone  
  27  2:25  Drone  
  27  2:38  Metabolic Boost  
  27  2:39  Drone x3  
  30  2:46  Queen  
  30  2:50  Drone  
  33  2:54  Overlord  
  33  2:56  Drone  
  33  2:58  Drone  
  35  3:04  Overlord  
  35  3:14  Drone x4  
  35  3:16  Overlord  
  35  3:17  Drone  
  40  3:24  Queen  
  40  3:26  Drone  
  43  3:27  Drone  
  43  3:28  Drone  
  43  3:30  Zergling x2  
  46  3:35  Drone  
  46  3:38  Queen  
  46  3:40  Drone  
  50  3:41  Drone  
  50  3:45  Overlord  
  50  3:46  Zergling x2  
  53  3:48  Drone  
  53  3:53  Drone  
  53  3:54  Queen  
  56  3:57  Drone  
  56  3:59  Drone  
  56  4:00  Drone  
  59  4:03  Drone x2  
  59  4:07  Queen  
  65  4:10  Zergling x4  
  65  4:12  Drone  
  65  4:17  Overlord  
  66  4:18  Drone  
  66  4:20  Drone  
  66  4:21  Queen  
  70  4:28  Drone  
  70  4:29  Overlord  
  70  4:31  Lair  
  71  4:33  Drone  
  71  4:35  Drone x2  
  71  4:37  Drone  
  75  4:40  Zergling x2  
  75  4:45  Drone x2  
  78  4:48  Zergling x6  
  78  4:50  Hatchery  
  78  4:51  Extractor, Spore Crawler  
  78  4:54  Spore Crawler  
  78  4:55  Spore Crawler  
  78  4:56  Zergling x4  
  78  4:57  Zergling x2  
  79  5:01  Drone  
  79  5:02  Overlord  
  79  5:04  Drone x2  
  79  5:05  Drone  
  79  5:06  Drone  
  84  5:11  Baneling Nest  
  84  5:13  Zergling x2  
  82  5:14  Queen  
  82  5:15  Zergling x2  
  82  5:19  Zergling x2  
  82  5:20  Queen  
  81  5:25  Zergling x2  
  81  5:26  Zergling x4  
  81  5:28  Drone x3  
  74  5:33  Drone x2  
  74  5:34  Drone  
  76  5:36  Drone  
  76  5:42  Drone x2  
  76  5:48  Drone  
  75  5:50  Drone  
  75  5:52  Drone  
  75  5:53  Drone x3  
  80  5:58  Drone  
  80  5:59  Baneling x3  
  80  6:01  Drone x2  
  80  6:03  Extractor  
  82  6:08  Overlord  
  82  6:12  Drone x2  
  82  6:18  Overlord  
  82  6:19  Drone x3  
  82  6:22  Evolution Chamber x2  
  85  6:25  Drone x3  
  85  6:26  Drone x2  
  85  6:29  Drone  
  85  6:30  Drone x2  
  85  6:32  Drone  
  92  6:35  Centrifugal Hooks  
  92  6:36  Drone, Hatchery  
  92  6:38  Drone  
  93  6:44  Hatchery  
  93  6:45  Drone x2  
  95  6:47  Drone x3  
  95  6:48  Drone  
  95  6:51  Zerg Ground Armor Level 1  
  95  6:53  Zerg Melee Weapons Level 1  
  98  7:00  Zergling x16  
  106  7:03  Zergling x6  
  106  7:05  Drone  
  106  7:08  Spore Crawler, Extractor  
  109  7:09  Zergling x2  
  109  7:14  Drone x4  
  113  7:16  Hydralisk Den  
  113  7:17  Drone x2, Extractor  
  113  7:18  Zergling x2, Extractor  
  113  7:22  Overlord  
  113  7:23  Overlord  
  113  7:24  Drone x2  
  113  7:25  Overlord  
  113  7:29  Overlord  
  115  7:34  Baneling x6, Overlord  
  115  7:41  Zergling x16  
  115  7:43  Queen  
  125  7:44  Baneling x3  
  125  7:45  Baneling  
  125  7:48  Zergling x8  
  125  7:49  Baneling x3  
  125  7:53  Zergling x2  
  125  7:54  Zergling x10  
  126  7:58  Zergling x2  
  126  7:59  Zergling x2  
  126  8:06  Hydralisk x7  
  126  8:09  Hydralisk  
  126  8:11  Hydralisk x2  
  137  8:17  Baneling x2  
  137  8:19  Hydralisk x2  
  141  8:20  Zergling x8  
  141  8:26  Baneling x5  
  143  8:28  Overlord  
  143  8:30  Baneling x3, Queen  
  143  8:31  Zergling x6  
  143  8:33  Hydralisk  
  144  8:34  Zergling x4  
  144  8:39  Hydralisk x2  
  144  8:40  Zergling x4  
  142  8:41  Zergling x2  
  142  8:43  Hydralisk, Zergling x2  
  142  8:46  Queen  
  133  8:49  Drone x4  
  133  8:52  Zergling x6  
  133  8:53  Zergling x2  
  138  8:58  Zerg Ground Armor Level 2  
  138  8:59  Hydralisk  
  138  9:00  Zergling x2  
  138  9:01  Hydralisk  
  135  9:07  Muscular Augments  
  135  9:08  Zergling x10  
  140  9:11  Zergling x6  
  140  9:12  Zergling x2  
  143  9:21  Drone x6  
  143  9:22  Zerg Melee Weapons Level 2  
  143  9:23  Zergling x4  
  143  9:24  Zergling x4  
  153  9:32  Baneling x5, Hydralisk x3  
  153  9:33  Zergling x6  
  153  9:37  Overlord  
  162  9:40  Baneling x3, Hydralisk  
  162  9:41  Zergling x8  
  162  9:45  Overlord  
  168  9:48  Overlord x2  
  168  9:52  Baneling x7  
  166  10:01  Overlord  
  152  10:07  Zergling x24  
  152  10:08  Zergling x4  
  152  10:11  Drone x3  
  164  10:14  Hydralisk  
  164  10:15  Zergling x14  
  164  10:20  Hydralisk, Zergling x4  
  164  10:21  Zergling x4  
  171  10:28  Grooved Spines  
  163  10:29  Drone  
  163  10:34  Infestation Pit  
  163  10:35  Drone x4, Hydralisk x2  
  167  10:36  Zergling x8  
  167  10:39  Overlord  
  167  10:42  Hydralisk x2  
  169  10:43  Zergling x12  
  169  10:45  Hydralisk x2  
  169  10:46  Zergling x2  
  171  10:54  Overlord  
  171  10:55  Hydralisk  
  171  10:56  Zergling x6  
  173  11:01  Queen  
  173  11:02  Hydralisk x3, Zergling x2  
  173  11:03  Zergling x8  
  186  11:04  Overlord  
  186  11:09  Spore Crawler  
  186  11:10  Baneling x10  
  185  11:14  Hive  
  185  11:16  Hydralisk x3  
  185  11:17  Zergling x2  
  190  11:23  Drone x4  
  193  11:26  Extractor  
  193  11:29  Zergling x18  
  190  11:38  Zergling x2  
  190  11:39  Zergling x22  
  188  11:45  Lurker Den, Zergling x2  
  188  11:46  Zergling x2  
  189  11:48  Zergling x2  
  189  11:50  Hydralisk  
  189  11:51  Zergling x4  
  189  11:52  Hydralisk x2  
  189  11:53  Queen  
  184  11:56  Hydralisk x3  
  184  11:58  Hydralisk x2  
  184  11:59  Zergling x2  
  184  12:00  Hydralisk  
  184  12:01  Zergling x4  
  176  12:03  Hydralisk, Zergling x4  
  168  12:10  Hydralisk x2, Zergling x2  
  168  12:11  Hydralisk  
  168  12:12  Zergling x2  
  168  12:15  Zergling x8  
  171  12:18  Extractor  
  171  12:22  Zergling x4  
  172  12:24  Baneling  
  172  12:25  Baneling x7  
  172  12:28  Zergling x16  
  181  12:31  Zergling x2  
Show
View Real Time Build Order
Export as new Build Order

Clem Terran 

Build Orders: 2 Factory, Hellion Opening, Reaper Expand 

Get SALT Encoding   

  12  0:00  SCV  
  13  0:12  SCV  
  14  0:16  Supply Depot  
  14  0:24  SCV  
  15  0:38  SCV  
  15  0:39  Barracks  
  15  0:42  Refinery  
  16  0:50  SCV  
  17  1:02  SCV  
  18  1:14  SCV  
  19  1:26  Reaper  
  19  1:27  Orbital Command  
  20  1:37  Command Center  
  20  1:45  Supply Depot  
  20  1:53  SCV  
  21  1:58  Marine  
  22  2:05  SCV  
  23  2:09  Factory  
  23  2:17  SCV  
  23  2:19  Barracks Reactor  
  24  2:29  SCV  
  25  2:38  Command Center  
  25  2:41  SCV  
  26  2:50  Orbital Command  
  26  2:53  SCV  
  27  2:59  Factory  
  27  3:05  Hellion, SCV  
  29  3:07  Hellion  
  32  3:16  SCV, Barracks Tech Lab  
  32  3:18  SCV  
  34  3:26  Hellion  
  36  3:28  SCV  
  36  3:29  Hellion  
  36  3:31  SCV  
  36  3:32  Refinery  
  40  3:40  SCV  
  41  3:43  SCV  
  41  3:45  Marine  
  41  3:48  Infernal Pre-Igniter  
  43  3:50  Hellion, Orbital Command  
  43  3:52  Hellion  
  43  3:54  Hellion  
  43  3:55  SCV  
  50  4:01  SCV  
  51  4:03  Barracks Tech Lab  
  51  4:06  Supply Depot  
  51  4:07  SCV  
  52  4:14  Hellion x2  
  52  4:15  SCV x2  
  52  4:17  Hellion  
  60  4:20  SCV  
  61  4:24  Stimpack  
  61  4:28  Marine, SCV  
  61  4:29  Supply Depot  
  63  4:33  SCV, Orbital Command  
  63  4:35  Supply Depot  
  63  4:37  Hellion x2  
  68  4:41  SCV, Refinery  
  68  4:44  Barracks  
  69  4:51  SCV, Hellion  
  69  4:52  Refinery, Supply Depot  
  72  4:53  SCV  
  72  4:55  Marine  
  72  4:59  Hellion x2  
  78  5:05  Engineering Bay  
  78  5:07  Engineering Bay  
  78  5:10  SCV  
  78  5:13  SCV  
  74  5:16  SCV  
  74  5:22  SCV  
  74  5:23  Hellion  
  74  5:26  Hellion  
  74  5:28  Hellion  
  79  5:29  SCV  
  79  5:32  Barracks Reactor  
  79  5:34  SCV  
  75  5:38  Marine  
  75  5:39  SCV  
  75  5:42  SCV  
  69  5:46  Terran Infantry Weapons Level 1, Terran Infantry Armor Level 1  
  69  5:48  SCV  
  70  5:55  SCV  
  70  5:56  SCV  
  72  6:02  Barracks  
  72  6:03  Factory Reactor, Barracks  
  72  6:04  Barracks, SCV  
  73  6:06  Marine  
  73  6:07  SCV  
  73  6:08  Starport, SCV  
  73  6:11  Marine x2  
  74  6:15  Combat Shield  
  66  6:18  SCV, Hellion  
  66  6:20  SCV x2  
  66  6:25  Marine  
  70  6:30  SCV  
  70  6:31  Marine  
  70  6:32  SCV  
  73  6:33  SCV  
  73  6:36  Supply Depot  
  73  6:38  Marine  
  75  6:40  Supply Depot  
  75  6:42  Hellion, Marine  
  75  6:43  SCV  
  75  6:44  Medivac x2, SCV  
  75  6:45  SCV  
  87  6:47  Hellion  
  87  6:48  Hellion  
  87  6:52  Barracks Reactor x2  
  87  6:53  Supply Depot  
  87  6:54  Barracks Tech Lab  
  89  6:55  SCV  
  89  6:56  SCV  
  89  6:57  SCV  
  92  7:02  Marine x2, Supply Depot x2  
  92  7:03  Marine  
  92  7:07  SCV  
  96  7:08  SCV  
  96  7:10  Hellion x2, SCV  
  96  7:14  Marine  
  103  7:16  Hellion  
  103  7:19  Refinery  
  103  7:20  SCV, Marine x2  
  103  7:21  Marine  
  109  7:23  SCV  
  109  7:28  SCV, Supply Depot  
  111  7:30  Marine x2  
  111  7:32  Marine, Hellion x2  
  111  7:33  Sensor Tower  
  111  7:36  Supply Depot  
  118  7:38  Armory  
  118  7:39  Marine  
  118  7:41  Hellion  
  121  7:45  Supply Depot, Medivac  
  121  7:49  Marine  
  124  7:52  Marine  
  124  7:58  Hellion x2, Marine  
  130  7:59  Medivac  
  130  8:01  Marine x2  
  130  8:03  Hellion, Marine  
  130  8:05  Marine  
  130  8:13  Marine  
  130  8:14  Marine x2  
  130  8:15  Medivac  
  135  8:20  Barracks  
  135  8:21  Barracks, Hellion  
  135  8:23  Marine x2  
  135  8:26  Hellbat  
  141  8:28  Marine x2  
  141  8:29  Marauder  
  141  8:30  Hellbat  
  141  8:35  Medivac  
  141  8:36  Marine x2  
  141  8:39  Marine  
  141  8:41  Marine x2  
  131  8:43  Hellbat  
  131  8:46  Marine x2  
  116  8:48  Terran Infantry Weapons Level 2  
  116  8:49  Command Center  
  116  8:50  Marine  
  116  8:51  Terran Infantry Armor Level 2  
  116  8:54  Hellbat, Marine x2  
  116  8:55  Hellbat  
  118  8:57  Marine  
  118  8:59  Marine x2  
  118  9:00  Medivac  
  115  9:04  Marine x2  
  115  9:08  Hellbat, Marine  
  118  9:10  Marine  
  118  9:11  Marine  
  118  9:12  Marine x2  
  118  9:15  Marine  
  118  9:16  Medivac, Marine  
  121  9:17  Marine  
  121  9:22  Marine x2  
  121  9:23  Hellbat x2, Barracks  
  121  9:24  Concussive Shells  
  128  9:26  Marauder  
  128  9:28  Marine  
  128  9:29  Marine  
  128  9:30  Supply Depot  
  132  9:32  Medivac  
  132  9:33  Hellbat, Marine, Marauder  
  132  9:38  Marine x3  
  139  9:44  Hellbat  
  144  9:45  Supply Depot  
  144  9:47  Marine, Supply Depot  
  144  9:48  Marauder, Barracks Tech Lab  
  144  9:49  Marine  
  144  9:51  Reaper  
  149  9:55  Marauder  
  151  10:03  Medivac  
  151  10:04  Hellbat  
  151  10:05  Marine x2  
  151  10:07  Marine  
  139  10:09  Marauder, Hellbat  
  139  10:11  Sensor Tower  
  139  10:12  Hellbat  
  144  10:15  Marauder, Marine  
  144  10:16  Marauder  
  144  10:18  Marine  
  140  10:21  Marine  
  140  10:26  Hellbat, Marine  
  140  10:27  Marine  
  138  10:31  Hellbat  
  138  10:32  Marauder  
  142  10:36  Marauder  
  142  10:38  Marauder  
  142  10:39  Marine  
  142  10:40  Marine  
  142  10:41  Marine  
  146  10:49  Medivac  
  127  10:50  Hellbat  
  127  10:51  Planetary Fortress  
  127  10:52  Marine  
  127  10:53  Marauder, Marine  
  128  10:57  Marine x2  
  128  10:58  Marauder  
  128  10:59  Marauder  
  128  11:00  Marine x2  
  128  11:01  Marine  
  128  11:02  Marine  
  138  11:06  Hellbat  
  138  11:08  Hellbat  
  138  11:10  Marine  
  143  11:11  Marine  
  143  11:14  Marine  
  143  11:15  Marine  
  145  11:21  Marine  
  145  11:22  Marine x2  
  148  11:26  Marine x2  
  148  11:28  SCV  
  148  11:29  Marine x2  
  148  11:30  Marine  
  148  11:31  Marine  
  150  11:33  Marine  
  150  11:34  Marine  
  150  11:39  Marine  
  128  11:40  Marine  
  128  11:41  Marine  
  128  11:44  Hellbat  
  128  11:46  Medivac  
  134  11:48  Medivac  
  134  11:51  Marine  
  134  11:52  Marine  
  126  11:54  Marine  
  126  11:56  Marine  
  126  11:57  Marine  
  126  11:59  Marine  
  126  12:00  Marine  
  109  12:01  Marine  
  109  12:03  Marine  
  95  12:10  Hellbat  
  95  12:11  Marine  
  95  12:12  Marine  
  95  12:14  Marine x2  
  93  12:16  Medivac  
  93  12:17  Marine  
  93  12:18  Marine  
  93  12:21  Marine  
  98  12:23  Marine  
  98  12:24  Marine x2  
Tags
 
Add a new tag
Caveats
  • Supply blocks, unpowered buildings, or Contaminate may cause inaccurate times.
  • Supply counts are checked every 10 seconds.